 Dungeon Crawl Stone Soup version 0.23.0 (webtiles) character file.

Game seed: 15286181130415858458

7 tidbits the Charmwright (level 2, 26/26 HPs)
             Began as a Gnoll Skald on Feb 11, 2019.
             Quit the game on level 1 of the Dungeon.
             The game lasted 00:01:00 (104 turns).

tidbits the Charmwright (Gnoll Skald)                Turns: 104, Time: 00:01:01

Health: 26/26      AC:  3    Str: 13    XL:     2   Next: 4%
Magic:  4/7        EV: 14    Int: 15    God:
Gold:   0          SH:  0    Dex: 14    Spells: 5/10 levels left

rFire    . . .     SeeInvis .   a - +0 spear
rCold    . . .     Gourm    .   (no shield)
rNeg     . . .     Faith    .   b - +0 leather armour
rPois    .         Spirit   .   (no helmet)
rElec    .         Reflect  .   (no cloak)
rCorr    .         Harm     .   (no gloves)
MR       .....                  (no boots)
Stlth    +.........             (no amulet)
HPRegen  0.08/turn              (no ring)
MPRegen  0.10/turn              (no ring)

@: no status effects
A: distributed training, fangs 1, strong nose
a: no special abilities


You were on level 1 of the Dungeon.
You were not hungry.

You visited 1 branch of the dungeon, and saw 2 of its levels.

Inventory:

Hand Weapons
 a - a +0 spear (weapon)
Armour
 b - a +0 leather armour (worn)
Scrolls
 e - a scroll of identify {unknown}
Potions
 c - 2 potions of mutation {unknown}
 f - a potion of curing {unknown}
Comestibles
 d - a ration


   Skills:
 + Level 4.4 Fighting
 + Level 0.2 Short Blades
 + Level 0.2 Long Blades
 + Level 0.2 Axes
 + Level 0.2 Maces & Flails
 + Level 4.4 Polearms
 + Level 0.2 Staves
 + Level 0.2 Slings
 + Level 0.2 Bows
 + Level 0.2 Crossbows
 + Level 0.2 Throwing
 + Level 2.4 Armour
 + Level 4.4 Dodging
 + Level 0.2 Stealth
 + Level 0.2 Shields
 + Level 0.2 Unarmed Combat
 + Level 4.9 Spellcasting
 + Level 0.1 Conjurations
 + Level 0.1 Hexes
 + Level 5.3 Charms
 + Level 0.1 Summonings
 + Level 0.1 Necromancy
 + Level 0.1 Translocations
 + Level 0.1 Transmutations
 + Level 0.1 Fire Magic
 + Level 0.1 Ice Magic
 + Level 0.1 Air Magic
 + Level 0.1 Earth Magic
 + Level 0.1 Poison Magic
 + Level 0.3 Invocations
 + Level 0.2 Evocations


You had 5 spell levels left.
You knew the following spells:

 Your Spells              Type           Power        Failure   Level  Hunger
g - Shroud of Golubria    Chrm/Tloc      ##........   11%         2    ##.....
i - Infusion              Chrm           ###.         2%          1    None
y - Song of Slaying       Chrm           ###.....     3%          2    ##.....

Your spell library contained the following spells:

 Spells                   Type           Power        Failure   Level  Hunger
 Regeneration             Chrm/Necr      ##........   21%         3    ###....
 Spectral Weapon          Hex/Chrm       ##......     21%         3    ###....


Dungeon Overview and Level Annotations

Branches:
Dungeon (2/15)

Altars:


Innate Abilities, Weirdness & Mutations

Your experience applies equally to all skills.
You have very sharp teeth.
Your uncanny sense of smell can sniff out nearby items.


Message History

Unknown command.
Found a robe and 14 arrows.
Found 15 gold pieces.
Unknown command.
You see here a robe.
You open the door.
Unknown command.
There is an open door here.
Found a stone staircase leading up.
A bat and a rat come into view.
Found an escape hatch in the floor.
Casting: Infusion (safe; 2% risk of failure)
Confirm with . or Enter, or press ? or * to list all spells.
You begin infusing your attacks with magical energy.
Unknown command.
A kobold comes into view.
Unknown command.
Unknown command.
You hit the rat!
You kill the rat!
Found a scroll labeled UPSUPA NITAUL.
You see here a rat corpse.
A giant cockroach comes into view.
The kobold shouts!
The bat hits you but does no damage.
Attack whom?
Press: ? - help, Dir - move target cursor, f - bat
Aim: a bat You reach to attack!
You hit the bat.
The bat is severely wounded.
The bat barely misses you.
Attack whom?
Press: ? - help, Dir - move target cursor, f/p - bat
Aim: a bat (heavily wounded)
You reach to attack!
You hit the bat.
You kill the bat!
Attack whom?
Press: ? - help, Dir - move target cursor, f - giant cockroach
Aim: a giant cockroach (clinging)
You reach to attack!
You hit the giant cockroach.
The giant cockroach is severely wounded.
You closely miss the giant cockroach.
The giant cockroach is severely wounded.
The giant cockroach bites you but does no damage.
You hit the giant cockroach.
You kill the giant cockroach!
The kobold barely misses you.
You miss the kobold. You bite the kobold, but do no damage.
The kobold hits you.
You hit the kobold.
You kill the kobold!
You see here a giant cockroach corpse.
There is a stone staircase leading up here.
You climb upwards.
The kobold shouts!
Found 2 glowing emerald potions.
There is a stone staircase leading down here.
You hit the kobold but do no damage. The kobold misses you.
You hit the kobold.
The kobold is heavily wounded.
The kobold closely misses you.
You hit the kobold.
You kill the kobold!
Found a brown potion.
Found 9 gold pieces.
You see here 2 glowing emerald potions.
c - 2 glowing emerald potions
There is a stone staircase leading down here.
Your magical infusion is running out.
You climb downwards.
There is a stone staircase leading up here.
Unknown command.
You are no longer magically infusing your attacks.
You see here a scroll labeled UPSUPA NITAUL.
e - a scroll labeled UPSUPA NITAUL
There is a stone staircase leading up here.
You climb upwards.
There is a stone staircase leading down here.
Unknown command.
You see here a brown potion.
Unknown command.
f - a brown potion A bat comes into view.
Casting: Infusion (safe; 2% risk of failure)
Confirm with . or Enter, or press ? or * to list all spells.
You begin infusing your attacks with magical energy.
Unknown command.
You closely miss the bat. The bat barely misses you.
You hit the bat!
You kill the bat!
You have reached level 2!
Memorise Song of Slaying, consuming 2 spell levels and leaving 7?
You start memorising the spell.
You continue memorising. x2
You finish memorising.
Spell assigned to 'y'.
Memorise Shroud of Golubria, consuming 2 spell levels and leaving 5?
You start memorising the spell.
You continue memorising. x2
You finish memorising.
Spell assigned to 'g'.
Your magical infusion is running out.
You are no longer magically infusing your attacks.
Are you sure you want to abandon this character and quit the game? (Confirm with "yes".)

#....# #.....#
#. #....#
#.....# ∆ ∆ ##.
#.#.## #.....#
#.. #.#$#
###.....## #..
.#.###........#
##.
..............#
#.
..###........#
## #........#
#@.......#
########.# .# #


There were no monsters in sight!

Vanquished Creatures
  2 bats
  A giant cockroach (D:2)
  2 kobolds
  A rat (D:2)
6 creatures vanquished.

Notes
Turn   | Place    | Note
-------+----------+-------------------------------------------
     0 | D:1      | tidbits the Gnoll Skald began the quest for the Orb.
     0 | D:1      | Reached XP level 1. HP: 20/20 MP: 6/6
     9 | D:1      | You fall through a shaft!
    77 | D:1      | Reached XP level 2. HP: 26/26 MP: 2/7
    81 | D:1      | Learned a level 2 spell: Song of Slaying
    84 | D:1      | Learned a level 2 spell: Shroud of Golubria
   104 | D:1      | Quit the game

Action                   || total
-------------------------++-------
Melee: Spear             ||    13
       Bite              ||     1
 Cast: Infusion          ||     2
Armor: Leather armour    ||     2
Dodge: Dodged            ||     5

Table legend:
 A = Turns spent in this place as a percentage of turns spent in the entire game.
 B = Non-inter-level travel turns spent in this place as a percentage of non-inter-level travel turns spent in the entire game.
 C = Inter-level travel turns spent in this place as a percentage of turns spent in this place.
 D = Turns resting spent in this place as a percentage of non-inter-level travel turns spent in this place.
 E = Turns spent auto-exploring this place as a percentage of non-inter-level travel turns spent in this place.
 F = Non-inter-level travel turns spent in this place divided by the number of levels of this place that you've seen.
                   A       B       C       D       E      F
               +-------+-------+-------+-------+-------+----------------------
         Total | 100.0 | 100.0 |   0.0 |   0.0 |   0.0 |  52.0
       Dungeon | 100.0 | 100.0 |   0.0 |   0.0 |   0.0 |  52.0
               +-------+-------+-------+-------+-------+----------------------

Table legend:
 A = Kills in this place as a percentage of kills in entire the game.
 B = Kills by you in this place as a percentage of kills by you in the entire game.
 C = Kills by friends in this place as a percentage of kills by friends in the entire game.
 D = Other kills in this place as a percentage of other kills in the entire game.
 E = Experience gained in this place as a percentage of experience gained in the entire game.
 F = Experience gained in this place divided by the number of levels of this place that you have seen.
                   A       B       C       D       E      F
               +-------+-------+-------+-------+-------+----------------------
         Total | 100.0 | 100.0 |   N/A |   N/A | 100.0 |   5.5
       Dungeon | 100.0 | 100.0 |   N/A |   N/A | 100.0 |   5.5
               +-------+-------+-------+-------+-------+----------------------

Levels and vault maps discovered:
D:1:      dpeg_arrival_snail, layout_basic
D:2:      layout_basic, old_standard_altar, hangedman_decor_push,
          minmay_close_crescents, uniq_crazy_yiuf_cottage
